 Dungeon Crawl Stone Soup version 0.23-a0-375-g66a18ee0fb (webtiles) character file.

390 Kaname the Conjurer (level 6, 26/41 HPs)
             Began as a Demonspawn Wizard on Oct 27, 2018.
             Quit the game on level 3 of the Dungeon.
             The game lasted 00:07:59 (3141 turns).

Kaname the Conjurer (Demonspawn Wizard)             Turns: 3141, Time: 00:08:00

Health: 26/41      AC: 11    Str: 12    XL:     6   Next: 50%
Magic:  0/10       EV: 12    Int: 22    God:
Gold:   154        SH:  0    Dex: 11    Spells: 2/11 levels left

rFire    . . .     SeeInvis .   t - +0 long sword
rCold    . . .     Gourm    .   (no shield)
rNeg     . . .     Faith    .   a - +0 robe
rPois    .         Spirit   .   b - +0 hat
rElec    .         Reflect  .   (no cloak)
rCorr    .         Harm     .   (no gloves)
MR       .....                  (no boots)
Stlth    ++........             (no amulet)
HPRegen  0.13/turn              p - +5 ring of strength
MPRegen  0.12/turn              (no ring)

@: sanguine armour
A: demonic guardian 1, rot immunity, sanguine armour 2
a: no special abilities


You were on level 3 of the Dungeon.
You were not hungry.

You visited 1 branch of the dungeon, and saw 3 of its levels.

You collected 154 gold pieces.

Inventory:

Hand Weapons
 t - a +0 long sword (weapon)
Missiles
 c - 14 arrows
Armour
 a - a +0 robe (worn)
 b - a +0 hat (worn)
Jewellery
 p - a +5 ring of strength (left hand)
Wands
 r - a wand of acid (10)
Scrolls
 e - 3 scrolls of identify {unknown}
 f - 3 scrolls of noise
 g - a scroll of remove curse {unknown}
 k - a scroll of fog {unknown}
 m - a scroll of amnesia {unknown}
 n - a scroll of blinking {unknown}
 s - a scroll of enchant armour {unknown}
Potions
 h - 2 potions of flight {unknown}
 i - a potion of heal wounds {unknown}
 j - a potion of cancellation {unknown}
 l - 2 potions of curing {unknown}
 q - a potion of lignification {unknown}
 u - a potion of degeneration {unknown}
Comestibles
 d - 7 rations


   Skills:
 - Level 1.7 Dodging
 - Level 1.7 Stealth
 - Level 3.0 Spellcasting
 + Level 6.8 Conjurations
   Level 1.0 Summonings
 - Level 0.8 Translocations


You had 2 spell levels left.
You knew the following spells:

 Your Spells              Type           Power        Failure   Level  Hunger
a - Magic Dart            Conj           ####         1%          1    None
b - Blink                 Tloc           N/A          13%         2    ##.....
c - Mephitic Cloud        Conj/Pois/Air  ##......     14%         3    ###....
d - Conjure Flame         Conj/Fire      ###.....     10%         3    ###....

Your spell library contained the following spells:

 Spells                   Type           Power        Failure   Level  Hunger
 Call Imp                 Summ           #.......     12%         2    ##.....
 Slow                     Hex            #.......     19%         2    ##.....


Dungeon Overview and Level Annotations

Branches:
Dungeon (3/15)

Altars:
Elyvilon


Innate Abilities, Weirdness & Mutations

A weak demonic guardian rushes to your aid.
You are immune to rotting.
When seriously injured, your bleeding wounds create thick armour. (AC +9)


Message History

You hear an angry hiss.
Something hits you but does no damage.
Casting: Magic Dart (safe; 1% risk of failure)
Confirm with . or Enter, or press ? or * to list all spells.
Aiming: Magic Dart (safe; 1% risk of failure)
Press: ? - help, Shift-Dir - straight line The magic dart hits something.
Reactivating autopickup.
Your Conjurations skill increases to level 6!
You have reached level 6!
Your experience leads to an increase in your attributes!
Your base attributes are Str 7, Int 21, Dex 11.
Increase (S)trength, (I)ntelligence, or (D)exterity?
You feel clever.
Your demonic ancestry asserts itself...
You feel immune to rotting.
You feel a bit more experienced.
An adder comes into view.
You see here a potion of invisibility.
Unknown command.
Are you sure you want to abandon this character and quit the game? (Confirm

#.# ##.###..
#.# #.# #.#
#.# #.## #.#
#.# #.# #..#
#.# #.# #.#
##)# ##.##
#.# #.# #.#
##...## #.#
#.# #######.#
###.....###.#
#.# #.......#
.†..........#
#S###.#######
###.....#####
#.@...#
##...##
#####.# ##.##
#.# #..# #.#
#.## #.# #.#
#.# #.# #.#
#>######## .#
####.........


You could see an adder.

Vanquished Creatures
  Grinder (D:3)
  An orc priest (D:3)
  5 adders
  An ooze (D:1)
  3 worms
  3 dart slugs
  A leopard gecko (D:1)
  An orc (D:3)
  5 giant cockroaches
  12 goblins
  7 hobgoblins
  5 jackals
  5 bats
  7 frilled lizards
  7 kobolds
  8 rats
72 creatures vanquished.

Vanquished Creatures (collateral kills)
  A crimson imp (D:3)
  2 orcs (D:3)
3 creatures vanquished.

Vanquished Creatures (others)
  A goblin (D:2)
  A quokka (D:2)
2 creatures vanquished.

Grand Total: 77 creatures vanquished

Notes
Turn   | Place    | Note
-------+----------+-------------------------------------------
     0 | D:1      | Kaname the Demonspawn Wizard began the quest for the Orb.
     0 | D:1      | Reached XP level 1. HP: 13/13 MP: 4/4
   245 | D:1      | Reached skill level 2 in Conjurations
   379 | D:1      | Gained mutation: A weak demonic guardian rushes to your
                  | aid. [demonic ancestry]
   379 | D:1      | Reached XP level 2. HP: 19/19 MP: 1/6
  1077 | D:1      | Reached skill level 3 in Conjurations
  1159 | D:1      | Reached XP level 3. HP: 24/24 MP: 4/7
  1163 | D:1      | Learned a level 2 spell: Blink
  1167 | D:1      | Learned a level 3 spell: Mephitic Cloud
  1869 | D:2      | Gained mutation: When seriously injured, your bleeding
                  | wounds create armour. (AC +9) [demonic ancestry]
  1869 | D:2      | Reached XP level 4. HP: 30/30 MP: 2/8
  1905 | D:2      | Reached skill level 4 in Conjurations
  1993 | D:2      | Found a white marble altar of Elyvilon.
  2052 | D:2      | Learned a level 3 spell: Conjure Flame
  2597 | D:3      | Reached skill level 5 in Conjurations
  2597 | D:3      | Gained mutation: When seriously injured, your bleeding
                  | wounds create thick armour. (AC +9) [demonic ancestry]
  2597 | D:3      | Reached XP level 5. HP: 22/35 MP: 0/9
  3119 | D:3      | Noticed Grinder
  3139 | D:3      | Killed Grinder
  3139 | D:3      | Reached skill level 6 in Conjurations
  3139 | D:3      | Gained mutation: You are immune to rotting. [demonic
                  | ancestry]
  3139 | D:3      | Reached XP level 6. HP: 25/41 MP: 0/10
  3141 | D:3      | Quit the game

Vault maps used:
D:1:      eino_arrival_cavern_a
D:2:      elyvilon_altar_4
D:3:      first_ration, uniq_grinder

Skill      XL: |  1  2  3  4  5 |
---------------+----------------+-----
Conjurations   | 2 3 5 6 |  6.8
Dodging        | |  1.7
Stealth        | |  1.7
Spellcasting   | |  3.0
Summonings     | |  1.0
Translocations | |  0.8

Action                   |  1- 3 |  4- 6 || total
-------------------------+-------+-------++-------
Melee: Mace              |    27 |     4 ||    31
       Long sword        |       |    42 ||    42
 Cast: Magic Dart        |    64 |    66 ||   130
       Mephitic Cloud    |     1 |     1 ||     2
Evoke: Wand              |       |     1 ||     1
  Use: Scroll            |       |     1 ||     1
 Stab: Sleeping          |     2 |     1 ||     3
  Eat: Chunk             |     3 |     4 ||     7
Armor: Robe              |    10 |    20 ||    30
Dodge: Dodged            |    44 |    54 ||    98
       Rpst.: Long sword |       |    15 ||    15

Table legend:
 A = Non-vault XP
 B = Vault XP
 C = Vault XP percentage of total XP
 D = Non-vault monster count
 E = Vault monster count
 F = Vault count percentage of total count
                 A         B        C        D         E       F
            +---------+---------+-------+---------+---------+-------
      Total |     277 |     281 |  50.4 |      74 |       1 |   1.3
            +---------+---------+-------+---------+---------+-------
        D:1 |      41 |       0 |   0.0 |      20 |       0 |   0.0
        D:2 |     105 |       0 |   0.0 |      29 |       0 |   0.0
        D:3 |     131 |     281 |  68.2 |      25 |       1 |   3.8
            +---------+---------+-------+---------+---------+-------
